 Dungeon Crawl Stone Soup version 0.19.4-12-gccf7e64 (webtiles) character file.

700 vatarom the Slicer (level 7, 0/46 HPs)
             Began as a Kobold Gladiator on Feb 26, 2017.
             Killed from afar by an orc wizard (11 damage)
             ... with a magic dart
             ... on level 4 of the Dungeon.
             The game lasted 00:10:19 (5516 turns).

vatarom the Slicer (Kobold Gladiator)               Turns: 5516, Time: 00:10:20

Health: 0/46       AC:  5    Str: 13    XL:     7   Next: 98%
Magic:  7/7        EV: 16    Int: 11    God:
Gold:   129        SH:  0    Dex: 17    Spells: 2 memorised, 2 levels left

rFire  . . .     SeeInvis .     a - +1 rapier
rCold  . . .     Gourm    .     b - +0 leather armour
rNeg   . . .     Faith    .     (shield restricted)
rPois  .         Spirit   .     c - +0 helmet
rElec  .         Reflect  .     (no cloak)
rCorr  .         Harm     .     k - +0 pair of gloves
MR     .....                    (no boots)
Stlth  ++........               (no amulet)
                                (no ring)
                                (no ring)

@: no status effects
A: carnivore 3, clever 1, high mp 1
a: no special abilities


You were on level 4 of the Dungeon.
You were full.

You visited 1 branch of the dungeon, and saw 5 of its levels.

You collected 129 gold pieces.

Inventory:

Hand Weapons
 a - a +1 rapier (weapon)
Missiles
 d - 2 throwing nets (quivered)
Armour
 b - a +0 leather armour (worn)
 c - a +0 helmet (worn)
 k - a +0 pair of gloves (worn)
Scrolls
 e - a scroll of fear
 g - 4 scrolls of identify
 i - 6 scrolls of fog
 j - 4 scrolls of remove curse
 m - 2 scrolls of blinking
Books
 h - a book of Maledictions

   Spells                             Type                      Level
   a - Corona                         Hexes                        1
   b - Ensorcelled Hibernation        Hexes/Ice                    2
   c - Confuse                        Hexes                        3
   d - Tukima's Dance                 Hexes                        3
   e - Dazzling Spray                 Conjuration/Hexes            3
Comestibles
 f - 3 meat rations


   Skills:
 - Level 6.0 Fighting
 - Level 8.4 Short Blades
 - Level 2.1 Throwing
 - Level 3.6 Dodging
 - Level 3.6 Stealth
 * Level 0.2 Hexes


You had 2 spell levels left.
You knew the following spells:

 Your Spells              Type           Power        Failure   Level  Hunger
a - Corona                Hex            #......      45%         1    ##.....
b - Confuse               Hex            #.......     96%         3    ####...


Dungeon Overview and Level Annotations

Branches:
Dungeon (5/15)
 Temple: D:4-7

Altars:
Dithmenos
Ru
Trog

Annotations:
D:1 strange scroll


Innate Abilities, Weirdness & Mutations

You are small and have problems with some larger weapons.
You are carnivorous and can eat meat at any time.
Your mind is acute. (Int +2)
You have an increased reservoir of magic. (+10% MP)


Message History

The orc wizard points at you and mumbles some strange words.
The magic dart hits you!
* * * LOW HITPOINT WARNING * * *
The orc wizard mumbles some strange words.
The orc wizard blinks!
You barely miss the orc. The orc hits you with a hand axe.
* * * LOW HITPOINT WARNING * * *
You hit the orc.
The orc is lightly wounded.
The orc closely misses you.
You closely miss the orc.
The orc is lightly wounded.
You hit the orc.
The orc is heavily wounded.
The orc barely misses you.
You hit the orc wizard.
The orc wizard is moderately wounded.
The orc wizard points at you and mumbles some strange words.
The magic dart hits you!
You die...

#.###########.#
#...............# ..#
#.###.#.#.#.........# #.#
#...........#.#######
..##############..#.#.#.###
# ####.)......#
#........#########
.........##.#
#>.#.#.#..##.##...
####.###.##.#
#o...............# #.#
#.##.# #o###...###..#...#
#.###<##.# #@.....##
##...... #........#
###.#..# #>....# #####.####
#.########.##..# #.#
#.........###..# #.#
#########......#
#.#########.........###'##
#....##...#.##########...#
# ####....#.#...#.# ##...>.
## ##.##....#.###...##
##......


You could see an orc wizard and an orc.

Vanquished Creatures
  The ghost of Eremar the Shield-Bearer, an amateur HuFi (D:4)
  A phantom (D:4)
  A scorpion (D:5)
  A howler monkey (D:4)
  A crimson imp (D:5)
  Jessica (D:2)
  An iguana (D:4)
  An orc wizard (D:3)
  2 worker ants (D:4)
  3 gnolls (D:2)
  3 adders
  A shadow imp (D:5)
  An ooze (D:1)
  3 worms (D:2)
  A leopard gecko (D:4)
  9 orcs
  8 bats
  3 giant cockroaches
  8 goblins
  11 hobgoblins
  3 jackals (D:3)
  3 quokkas
  4 ball pythons
  8 frilled lizards
  9 kobolds
  4 rats
92 creatures vanquished.

Vanquished Creatures (others)
  7 toadstools (D:1)
7 creatures vanquished.

Grand Total: 99 creatures vanquished

Notes
Turn   | Place    | Note
-------+----------+-------------------------------------------
     0 | D:1      | vatarom the Kobold Gladiator began the quest for the Orb.
     0 | D:1      | Reached XP level 1. HP: 12/12 MP: 1/1
    88 | D:1      | Reached skill level 1 in Stealth
   160 | D:1      | Reached XP level 2. HP: 6/17 MP: 2/2
   705 | D:1      | Reached XP level 3. HP: 9/21 MP: 3/3
  1212 | D:2      | Gained mutation: Your mind is acute. (Int +2) [potion of beneficial mutation]
  1277 | D:2      | Noticed Jessica
  1320 | D:2      | Killed Jessica
  1320 | D:2      | Reached XP level 4. HP: 19/28 MP: 4/4
  1631 | D:2      | Reached XP level 5. HP: 33/33 MP: 5/5
  2078 | D:2      | Found a shadowy altar of Dithmenos.
  2701 | D:3      | Reached skill level 5 in Fighting
  2790 | D:3      | Found a sacrificial altar of Ru.
  2941 | D:3      | Reached XP level 6. HP: 23/40 MP: 6/6
  3054 | D:3      | Found a faded altar of an unknown god.
  3431 | D:4      | Noticed Eremar's ghost (amateur HuFi)
  3506 | D:5      | Entered Level 5 of the Dungeon
  3742 | D:5      | Reached skill level 5 in Short Blades
  4120 | D:5      | Found a bloodstained altar of Trog.
  4275 | D:4      | Noticed a phantom
  4281 | D:4      | Gained mutation: You have an increased reservoir of magic. (+10% MP) [potion of beneficial mutation]
  4287 | D:4      | Killed a phantom
  4287 | D:4      | Reached skill level 6 in Short Blades
  4287 | D:4      | Reached XP level 7. HP: 26/46 MP: 7/7
  4501 | D:4      | Killed Eremar's ghost
  4501 | D:4      | Reached skill level 7 in Short Blades
  4885 | D:4      | Reached skill level 8 in Short Blades
  5321 | D:4      | Learned a level 1 spell: Corona
  5325 | D:4      | Learned a level 3 spell: Confuse
  5516 | D:4      | Killed from afar by an orc wizard

Skill      XL: |  1  2  3  4  5  6  7 |
---------------+----------------------+-----
Stealth        | 2 3 |  3.6
Fighting       | 3 4 5 6 |  6.0
Short Blades   | 6 8 |  8.4
Throwing       | |  2.1
Dodging        | |  3.6
Hexes          | |  0.2

Action                   |  1- 3 |  4- 6 |  7- 9 || total
-------------------------+-------+-------+-------++-------
Melee: Rapier            |   102 |   180 |    58 ||   340
Throw: Throwing net      |       |     4 |       ||     4
  Use: Scroll            |     5 |     6 |       ||    11
       Potion            |     3 |     4 |       ||     7
 Stab: Sleeping          |     1 |     6 |     2 ||     9
       Held in net/web   |       |     1 |       ||     1
  Eat: Chunk             |     9 |     8 |     2 ||    19
Armor: Leather armour    |    13 |    22 |     7 ||    42
Dodge: Dodged            |    86 |   116 |    26 ||   228
